 Dungeon Crawl Stone Soup version 0.23.1 (webtiles) character file.

Game seed: 0

18712 Chiseanne the Fighter (level 12, -2/104 HPs)
             Began as a Minotaur Monk on Mar 5, 2019.
             Was a Priest of Makhleb.
             Killed from afar by a swamp worm (18 damage)
             ... with a harpoon shot
             ... on level 4 of the Lair of Beasts.
             The game lasted 00:40:33 (15717 turns).

Chiseanne the Fighter (Minotaur Monk)              Turns: 15717, Time: 00:40:34

Health: -2/104     AC: 14    Str: 18    XL:     12   Next: 30%
Magic:  0/18       EV:  7    Int: 12    God:    Makhleb [***...]
Gold:   651        SH: 16    Dex: 20    Spells: 21/21 levels left

rFire    + + .     SeeInvis .   a - +3 broad axe of the Big Bang {chop, +Rage rF+}
rCold    + + .     Gourm    .   h - +0 large shield
rNeg     . . .     Faith    +   L - +2 chain mail {rC+}
rPois    .         Spirit   +   (helmet restricted)
rElec    .         Reflect  .   p - scarf {Spirit}
rCorr    .         Harm     .   (no gloves)
MR       .....                  (no boots)
Stlth    ..........             d - amulet of Guesa {Faith Int+5 Dex+4}
HPRegen  0.27/turn              B - ring of protection from cold
MPRegen  0.16/turn              G - ring of protection from fire

@: slowed, very slow
A: retaliatory headbutt, claws 1, horns 2, frail 1, subdued magic 1
a: Minor Destruction, Lesser Servant of Makhleb, Renounce Religion, Evoke
Berserk Rage


You were on level 4 of the Lair of Beasts.
You worshipped Makhleb.
Makhleb was most pleased with you.
You were very hungry.

You visited 3 branches of the dungeon, and saw 15 of its levels.

You collected 651 gold pieces.

Inventory:

Hand Weapons
 a - the +3 broad axe of the Big Bang (weapon) {chop, +Rage rF+}
   (You found it on level 9 of the Dungeon)

   It inflicts extra damage upon your enemies.
   It protects you from fire.
   It lets you go berserk.
 q - the +3 trident of Damn {holy, Dex+2}
   (You found it on level 9 of the Dungeon)

   It has been blessed by the Shining One to cause great damage to the undead
   and demons.
   It affects your dexterity (+2).
 s - a +1 flail of protection
 Q - the +3 flail "Oryloteh" {crush, rF+ Str+4 Int-3}
   (You found it on level 4 of the Lair of Beasts)

   It inflicts extra damage upon your enemies.
   It affects your strength (+4).
   It affects your intelligence (-3).
   It protects you from fire.
Missiles
 e - 234 arrows
 f - 38 poisoned needles
 j - 434 stones
 l - 7 needles of sleeping
 o - 35 bolts
 w - 11 tomahawks (quivered)
 y - 90 sling bullets
 C - 4 javelins of penetration
 N - 3 throwing nets
Armour
 h - a +0 large shield (worn)
 p - a scarf of spirit shield (worn)
 r - a +0 chain mail of poison resistance
 I - a scarf of cloud immunity
 L - a +2 chain mail of cold resistance (worn)
Magical Staves
 E - an uncursed staff of power {unknown}
 K - an uncursed staff of poison {unknown}
Jewellery
 b - an uncursed amulet of regeneration
 d - the amulet of Guesa (around neck) {Faith Int+5 Dex+4}
   (You found it on level 1 of the Lair of Beasts)

   [amulet of faith]

   It allows you to gain divine favour quickly.
   It affects your intelligence (+5).
   It affects your dexterity (+4).
 k - an uncursed amulet of guardian spirit {unknown}
 B - a ring of protection from cold (left claw)
 G - a ring of protection from fire (right claw)
 J - an uncursed ring of protection from fire
 M - the amulet "Veony" {+Rage rElec rF++ rC- Dex+2}
   (You found it on level 9 of the Dungeon)

   [amulet of rage]

   It affects your dexterity (+2).
   It greatly protects you from fire.
   It makes you vulnerable to cold.
   It insulates you from electricity.
   It lets you go berserk.
 Y - an uncursed amulet of harm {unknown}
Wands
 m - a wand of flame (11)
 u - a wand of enslavement (11)
 P - a wand of polymorph (20)
 S - a wand of scattershot (2)
 W - a wand of digging (6)
Scrolls
 t - 2 scrolls of fog
 D - 4 scrolls of remove curse
 F - 2 scrolls of blinking
 T - a scroll of immolation
 U - 2 scrolls of teleportation
Potions
 g - a potion of mutation
 i - 2 potions of haste {unknown}
 n - 3 potions of flight
 v - a potion of degeneration {unknown}
 z - a potion of heal wounds
 A - a potion of lignification
 H - a potion of might
 O - a potion of resistance {unknown}
 V - a potion of berserk rage
 X - a potion of magic
Miscellaneous
 x - a fan of gales
 R - a lightning rod (4/4)
Comestibles
 c - 21 rations


   Skills:
 * Level 13.8 Fighting
 - Level 3.6 Axes
 * Level 13.0 Armour
 * Level 4.9 Dodging
 - Level 1.5 Stealth
 * Level 6.6 Shields
 - Level 5.1 Spellcasting
 * Level 4.5 Invocations
 - Level 5.4 Evocations


You had 21 spell levels left.
You didn't know any spells.
Your spell library contained the following spells:

 Spells                   Type           Power        Failure   Level  Hunger
 Confusing Touch          Hex            #.....       100%        1    None
 Confuse                  Hex            #.......     100%        3    ###....
 Gell's Gravitas          Tloc           #.........   100%        3    ###....
 Petrify                  Tmut/Erth      #.......     100%        4    ####...
 Metabolic Englaciation   Hex/Ice        #.........   100%        5    ######.
 Yara's Violent Unravell  Hex/Tmut       #.........   100%        5    ######.


Dungeon Overview and Level Annotations

Branches:
Dungeon (10/15)            Temple (1/1) D:7            Lair (4/6) D:9
  Snake (0/4) Lair:3
  Swamp: Lair:2-4    Shoals: Lair:2-4       Orc: D:9-12

Altars:
Ashenzari
Cheibriados
Dithmenos
Elyvilon
Fedhas
Gozag
Hepliaklqana
Kikubaaqudgha
Makhleb
Nemelex Xobeh
Okawaru
Qazlal
Ru
Sif Muna
Trog
Uskayaw
Vehumet
Wu Jian
Xom
Yredelemnul
Zin
The Shining One
Jiyva

Shops:
D:10 }%

Annotations:
Lair:4 3 runed translucent doors, runemage's ghost, journeyman GnFi


Innate Abilities, Weirdness & Mutations

You reflexively headbutt those who attack you in melee.
You have a pair of horns on your head.
You have sharp fingernails.
You are frail. (-10% HP)
Your spells are a little easier to cast, but a little less powerful.


Message History

The swamp worm bites you!!
You barely miss the swamp worm. Your headbutt misses the swamp worm.
The swamp worm is almost dead.
You closely miss the swamp worm. The swamp worm closely misses you.
The swamp worm bites you! The swamp worm bites you.
* * * LOW HITPOINT WARNING * * *
The swamp worm bites you!
* * * LOW HITPOINT WARNING * * *
You block the swamp worm's attack. x2
You slash the swamp worm!
You kill the swamp worm!
Makhleb accepts your kill.
You feel better.
You slash the swamp worm! The swamp worm bites you. The swamp worm bites you!
* * * LOW HITPOINT WARNING * * *
The swamp worm bites you!
* * * LOW HITPOINT WARNING * * *
The swamp worm throws harpoon shot at you.
The harpoon shot hits you!!
You die...

#. ..## . #P. #..##..##
#.# ### P#+.#...P#
##.###### #
.........#####..##...# #
......⌠⌠..##........)###
....♣..♣.............##
. ♣..♣........^....##
♣♣..♣♣...........+..
♣≈♣@≈♣...........###
♣≈..≈♣............#
♣w†.≈♣.#.........##
♣≈..≈♣.#....##..#.#
♣≈.♣♣♣♣####P#..P### ♣≈..
####.P# ♣≈♣. ♣♣♣ #..##
♣≈ . ♣.#####+.## ♣≈ .≈
♣.........####


You could see a swamp worm.

Vanquished Creatures
  Harold (D:8)
  2 hydras
  A two-headed ogre (D:9)
  4 elephants
  Maurice (D:8)
  A black mamba (Lair:1)
  Joseph (D:7)
  A gargoyle (D:9)
  3 spiny frogs
  A torpor snail (D:9)
  A komodo dragon (Lair:2)
  A rime drake (Lair:1)
  A troll (D:9)
  A hornet (D:10)
  A slime creature (D:9)
  5 blink frogs (Lair:1)
  2 bog bodies (Lair:4)
  5 hippogriffs
  Sigmund (D:4)
  9 yaks (Lair:3)
  A wraith (D:9)
  2 basilisks (D:9)
  2 steam dragons (D:7)
  4 hungry ghosts
  Menkaure (D:7)
  A swamp worm (Lair:4)
  4 nagas
  7 water moccasins
  3 porcupines
  A phantom (D:8)
  3 sky beasts (D:8)
  2 ice beasts (D:10)
  2 orc warriors
  4 wolves (Lair:3)
  3 centaurs
  5 ogres
  2 crocodiles
  13 bullfrogs
  A gnoll sergeant (D:8)
  2 scorpions
  A wight (D:5)
  4 howler monkeys
  3 crimson imps
  A bullfrog zombie (D:9)
  4 orc priests
  6 hounds
  4 jellies
  A centaur skeleton (D:5)
  11 orc wizards
  5 iguanas
  6 worker ants
  A killer bee zombie (D:7)
  A worker ant zombie (D:7)
  A howler monkey zombie (D:9)
  Robin (D:3)
  2 howler monkey skeletons
  12 adders
  9 gnolls
  A shadow imp (D:7)
  5 oozes (D:8)
  2 adder zombies
  An adder skeleton (D:5)
  A dart slug (D:2)
  2 worms (D:2)
  6 leopard geckos
  32 orcs
  7 giant cockroaches
  22 goblins
  11 hobgoblins
  3 jackals
  6 kobolds
  5 quokkas
  3 ball pythons
  10 bats
  5 frilled lizards
  A jackal zombie (D:6)
  A leopard gecko zombie (D:7)
  A quokka skeleton (D:6)
  10 rats
  2 fungi
316 creatures vanquished.

Vanquished Creatures (others)
  A sky beast (D:8)
  A bullfrog (D:6)
  An iguana (D:6)
  A fungus (Lair:4)
4 creatures vanquished.

Grand Total: 320 creatures vanquished

Notes
Turn   | Place    | Note
-------+----------+-------------------------------------------
     0 | D:1      | Chiseanne the Minotaur Monk began the quest for the Orb.
     0 | D:1      | Reached XP level 1. HP: 19/19 MP: 0/0
   252 | D:1      | Reached XP level 2. HP: 20/27 MP: 1/1
  1018 | D:2      | Found a faded altar of an unknown god.
  1020 | D:2      | Reached XP level 3. HP: 31/34 MP: 2/2
  1188 | D:2      | Reached XP level 4. HP: 38/41 MP: 3/3
  1290 | D:2      | Reached skill level 5 in Fighting
  1942 | D:3      | Reached skill level 1 in Armour
  2133 | D:3      | Noticed Robin
  2142 | D:3      | Killed Robin
  2164 | D:3      | Reached XP level 5. HP: 42/48 MP: 4/4
  2591 | D:3      | Found a white marble altar of Elyvilon.
  2856 | D:4      | Noticed an ogre
  2863 | D:4      | Killed an ogre
  2907 | D:4      | Reached XP level 6. HP: 36/57 MP: 5/5
  3087 | D:4      | Noticed Sigmund
  3093 | D:4      | Killed Sigmund
  3093 | D:4      | Reached skill level 1 in Spellcasting
  3181 | D:4      | Found a deep blue altar of Sif Muna.
  3238 | D:4      | Found a shimmering altar of Xom.
  3250 | D:4      | Found a stormy altar of Qazlal.
  3325 | D:4      | Reached XP level 7. HP: 53/66 MP: 5/7
  4041 | D:5      | Entered Level 5 of the Dungeon
  4119 | D:5      | Reached skill level 5 in Armour
  5357 | D:6      | Found a shimmering altar of Xom.
  5379 | D:6      | Reached XP level 8. HP: 74/74 MP: 10/10
  5592 | D:6      | Found a radiant altar of Vehumet.
  5599 | D:6      | Found a glowing silver altar of Zin.
  6490 | D:7      | Noticed Menkaure
  6727 | D:7      | Noticed Joseph
  6739 | D:7      | Killed Joseph
  6739 | D:7      | Reached XP level 9. HP: 84/84 MP: 10/13
  6852 | D:7      | Killed Menkaure
  6948 | D:8      | Reached skill level 10 in Fighting
  6995 | D:8      | Noticed Harold
  7022 | D:8      | Noticed Maurice
  7049 | D:8      | Killed Harold
  7054 | D:8      | Paralysed by something for 4 turns
  7126 | D:9      | Found a basalt altar of Yredelemnul.
  7208 | D:9      | Reached skill level 5 in Spellcasting
  7271 | D:9      | Got a distressingly furry robe
  7289 | D:9      | Reached XP level 10. HP: 80/94 MP: 14/16
  7380 | D:9      | Noticed a two-headed ogre
  7394 | D:9      | Killed a two-headed ogre
  7394 | D:9      | Reached skill level 10 in Armour
  7394 | D:9      | Reached skill level 1 in Evocations
  7598 | D:9      | Noticed an elephant
  7599 | D:9      | Found a staircase to the Lair.
  7655 | D:9      | Killed an elephant
  7932 | D:9      | Found a white marble altar of Elyvilon.
  7940 | D:9      | Noticed a manticore
  7953 | D:9      | Gained mutation: You are frail. (-10% HP) [potion of
                  | mutation]
  7953 | D:9      | Gained mutation: Your spells are a little easier to cast,
                  | but a little less powerful. [potion of mutation]
  7953 | D:9      | Gained mutation: You have sharp fingernails. [potion of
                  | mutation]
  7954 | D:9      | HP: 4/86 [manticore (6)]
  8119 | D:9      | Noticed a torpor snail
  8119 | D:9      | a manticore changed into a torpor snail
  8136 | D:9      | Killed a torpor snail
  8196 | D:9      | Identified the +2 robe of Fun and Games {Str+4 Int-5} (You
                  | found it on level 9 of the Dungeon)
  8333 | D:9      | Found a blossoming altar of Fedhas.
  8510 | D:9      | Noticed a gargoyle
  8510 | D:9      | Noticed a five-headed hydra
  8669 | D:9      | Killed a gargoyle
  8823 | D:9      | Got a warped trident
  8825 | D:9      | Got a brightly glowing broad axe
  8834 | D:9      | Got a scintillating amethyst amulet
  8923 | D:9      | Identified the amulet "Veony" {+Rage rElec rF++ rC- Dex+2}
                  | (You found it on level 9 of the Dungeon)
  9131 | D:10     | Entered Level 10 of the Dungeon
  9133 | D:10     | Found Ethres's Food Emporium.
  9264 | D:8      | Killed Maurice
  9734 | D:8      | Reached XP level 11. HP: 94/94 MP: 17/17
  9743 | D:8      | Found a shadowy altar of Dithmenos.
 10072 | D:8      | Found a viscous altar of Jiyva.
 10152 | D:8      | Identified the +3 broad axe of the Big Bang {chop, +Rage
                  | rF+} (You found it on level 9 of the Dungeon)
 10286 | D:10     | Paralysed by a hornet for 1 turns
 10288 | D:10     | Paralysed by a hornet for 3 turns
 10292 | D:10     | Paralysed by a hornet for 2 turns
 10315 | D:10     | Reached skill level 1 in Shields
 10673 | D:10     | Found Emicauh's Gadget Boutique.
 10743 | D:9      | Killed a five-headed hydra
 10743 | D:9      | Reached skill level 5 in Evocations
 11076 | Lair:1   | Entered Level 1 of the Lair of Beasts
 11400 | Lair:1   | Got a flickering platinum amulet
 11421 | Lair:1   | Identified the amulet of Guesa {Faith Int+5 Dex+4} (You
                  | found it on level 1 of the Lair of Beasts)
 11872 | D:7      | Found a staircase to the Ecumenical Temple.
 11882 | Temple   | Entered the Ecumenical Temple
 11954 | Temple   | Became a worshipper of Makhleb the Destroyer
 11954 | Temple   | Reached * piety under Makhleb
 11954 | Temple   | Reached ** piety under Makhleb
 12159 | Lair:1   | Noticed a four-headed hydra
 12170 | Lair:1   | Killed a four-headed hydra
 12170 | Lair:1   | Reached skill level 1 in Invocations
 13461 | Lair:2   | Reached skill level 5 in Shields
 13464 | Lair:2   | Found a dark tunnel.
 13983 | Lair:3   | Found a staircase to the Snake Pit.
 14378 | Lair:3   | Reached *** piety under Makhleb
 14378 | Lair:3   | Reached XP level 12. HP: 79/103 MP: 10/18
 15034 | Lair:4   | Found a burning altar of Makhleb.
 15435 | Lair:4   | Got a brightly glowing flail
 15437 | Lair:4   | Identified the +3 trident of Damn {holy, Dex+2} (You found
                  | it on level 9 of the Dungeon)
 15438 | Lair:4   | Identified the cursed +3 flail "Oryloteh" {crush, rF+ Str+4
                  | Int-3} (You found it on level 4 of the Lair of Beasts)
 15472 | Lair:4   | Found a runed translucent gate.
 15473 | Lair:4   | Found a runed translucent gate.
 15474 | Lair:4   | Found a runed translucent gate.
 15476 | Lair:4   | Noticed runemage's ghost (journeyman GnFi)
 15717 | Lair:4   | Killed from afar by a swamp worm

Skill      XL: |  1  2  3  4  5  6  7  8  9 10 11 12 |
---------------+-------------------------------------+-----
Fighting       | 4 5 6 7 8 9 10 12 13 | 13.8
Dodging        | 4 |  4.9
Armour         | 1 3 4 6 8 9 11 12 13 | 13.0
Spellcasting   | 1 2 3 5 |  5.1
Evocations     | 4 5 |  5.4
Shields        | 5 6 |  6.6
Invocations    | 3 4 |  4.5
Axes           | |  3.6
Stealth        | |  1.5

Action                   |  1- 3 |  4- 6 |  7- 9 | 10-12 || total
-------------------------+-------+-------+-------+-------++-------
Melee: Hand axe          |    80 |   163 |   327 |       ||   570
       Headbutt          |    12 |    32 |    90 |   210 ||   344
       Flail             |       |       |    92 |   584 ||   676
       Broad axe         |       |       |       |    89 ||    89
Throw: Tomahawk          |       |       |       |     3 ||     3
Evoke: Wand              |       |       |     7 |    17 ||    24
  Use: Scroll            |     2 |     6 |     8 |     8 ||    24
       Potion            |       |     2 |     9 |     1 ||    12
 Stab: Sleeping          |     1 |       |       |       ||     1
       Invisible         |       |     1 |     3 |       ||     4
  Eat: Chunk             |    12 |     7 |    20 |    18 ||    57
       Ration            |       |       |     1 |     3 ||     4
Armor: Leather armour    |    27 |       |       |       ||    27
       Ring mail         |     3 |     2 |       |       ||     5
       Chain mail        |       |    94 |   318 |   575 ||   987
Dodge: Dodged            |    57 |    81 |   267 |   310 ||   715
Block: Large shield      |       |       |       |   418 ||   418
